 Seeded DCSS version 0.27.1-2-g3b301248ec (webtiles) character file.

Game seed: 14551798346683263451 (custom seed)

3290 babuloseo the Archer (level 10, -1/79 HPs)
             Began as a Human Hunter on Sept 30, 2021.
             Was a Priest of Okawaru.
             Slain by a green ugly thing (6 damage)
             ... on level 11 of the Dungeon.
             The game lasted 00:10:07 (7452 turns).

babuloseo the Archer (Human Hunter)                 Turns: 7452, Time: 00:10:07

Health: -1/79      AC: 10    Str: 15    XL:     10   Next: 20%
Magic:  0/14       EV: 11    Int: 15    God:    Okawaru [***...]
Gold:   234        SH:  0    Dex: 16    Spells: 7/9 levels left

rFire    . . .     SeeInvis .   h - +0 longbow (venom)
rCold    . . .     Faith    .   (shield currently unavailable)
rNeg     . . .     Spirit   +   l - +0 scale mail
rPois    .         Reflect  .   s - +2 helmet {Int+3}
rElec    .         Harm     .   (no cloak)
rCorr    .         Rampage  .   (no gloves)
Will     .....                  B - +0 pair of boots {Stlth+}
Stlth    +++.......             x - amulet of guardian spirit
HPRegen  0.23/turn              (no ring)
MPRegen  0.14/turn              (no ring)

@: lethally poisoned (-1 -> -28)
A: strong 1
a: Renounce Religion, Heroism


You were on level 11 of the Dungeon.
You worshipped Okawaru.
Okawaru was most pleased with you.
You visited 2 branches of the dungeon, and saw 10 of its levels.

You collected 234 gold pieces.

Inventory:

Hand Weapons
 a - a +1 shortbow
 b - a +0 short sword
 h - a +0 longbow of venom (weapon)
 p - a +2 dagger of venom
 u - the +7 spear of Untimely Demise {antimagic, rCorr}
   (You found it on level 4 of the Dungeon)

   It reduces the magical energy of the wielder, and disrupts the spells and
   magical abilities of those it strikes.
   Natural abilities and divine invocations are not affected.
   rCorr:     It protects you from acid and corrosion.
Missiles
 d - 65 arrows (quivered ammo)
Armour
 c - a +0 leather armour
 l - a +0 scale mail (worn)
 s - a +2 helmet of intelligence (worn)
 B - a +0 pair of boots of stealth (worn)
Jewellery
 v - a ring of fire
 x - an amulet of guardian spirit (around neck)
Wands
 r - a wand of flame (16)
Scrolls
 e - a scroll of torment
 f - 2 scrolls of enchant armour
 g - 2 scrolls of identify
 n - a scroll of blinking
 w - 2 scrolls of teleportation
 y - a scroll of holy word {unknown}
Potions
 i - 2 potions of brilliance {unknown}
 j - 2 potions of degeneration {unknown}
 k - 2 potions of curing
 m - 4 potions of attraction
 o - 2 potions of mutation
 q - a potion of ambrosia {unknown}
 t - a potion of heal wounds {unknown}
 z - a potion of haste {unknown}
 A - a potion of berserk rage {unknown}


   Skills:
 * Level 7.5 Fighting
 * Level 8.6 Bows
 + Level 5.5 Dodging
 + Level 5.5 Stealth
 * Level 5.3 Invocations


You had 7 spell levels left.
You knew the following spells:

 Your Spells              Type           Power      Damage    Failure   Level
a - Blink                 Tloc           N/A        N/A       86%         2

Your spell library contained the following spells:

 Spells                   Type           Power      Damage    Failure   Level
 Magic Dart               Conj           0%         1d3       75%         1
 Call Imp                 Summ           0%         N/A       86%         2
 Searing Ray              Conj           0%         3d3       86%         2
 Dazzling Flash           Conj/Hex       0%         N/A       98%         3
 Lesser Beckoning         Tloc           0%         N/A       98%         3
 Mephitic Cloud           Conj/Pois/Air  0%         N/A       98%         3
 Fulminant Prism          Conj/Hex       0%         3d6       100%        4
 Agony                    Necr           0%         N/A       100%        5
 Manifold Assault         Tloc           0%         N/A       100%        5
 Silence                  Hex/Air        0%         N/A       100%        5


Dungeon Overview and Level Annotations

Branches:
Dungeon (8/15)             Temple (1/1) D:5
   Lair: D:8-11

Altars:
Dithmenos
Elyvilon
Gozag
Okawaru
Qazlal
Wu Jian
Yredelemnul
Zin


Innate Abilities, Weirdness & Mutations

Your muscles are strong. (Str +2)


Message History

The green ugly thing looks more healthy.
The green ugly thing kicks you.
You shoot an arrow.
The arrow barely misses the green ugly thing.
The green ugly thing kicks you.
You are poisoned.
The green ugly thing poisons you!
You shoot an arrow. The arrow hits the green ugly thing!!
The green ugly thing is poisoned.
The green ugly thing is severely wounded.
You feel extremely sick.
The green ugly thing closely misses you.
You shoot an arrow.
The arrow closely misses the green ugly thing.
You feel extremely sick. The green ugly thing kicks you.
The green ugly thing kicks you!
You are lethally poisoned!
The green ugly thing poisons you!
You are too injured to fight recklessly!
You are too injured to fight recklessly!
You are too injured to fight recklessly!
Fire: 66 arrows
Press: ? - help, Q - select action, (/) - cycle Shift-Dir - straight line, f/p - green ugly thing
Aim: a green ugly thing (severely wounded, very poisoned, 65% to hit)
You shoot an arrow.
The arrow hits the green ugly thing but does no damage.
The green ugly thing is severely wounded.
* * * LOW HITPOINT WARNING * * *
You feel extremely sick.
The green ugly thing kicks you but does no damage.
You feel better. The green ugly thing kicks you.
* * * LOW HITPOINT WARNING * * *
You are lethally poisoned!
The green ugly thing poisons you!
It was a potion of mutation.
You feel extremely strange.
You feel stronger.
* * * LOW HITPOINT WARNING * * *
You feel extremely sick. The green ugly thing kicks you!
You die...

........#
......### .((
......# .(.
...##..# .(# ..##
#..# #.# ...#
#..## #.# ##..#
#..# #.# ###..#
#.## #u# .#
#..###..## #@# .##
#.......####.#
#.####...##..##..#
##.##..######...##
##..### #...# ##.#
##### ###


You could see a green ugly thing (very poisoned).

Vanquished Creatures
  A boulder beetle (D:11)
  3 yaks (D:6)
  Edmund (D:6)
  An acid dragon (D:7)
  2 water moccasins (D:7)
  An ice beast (D:7)
  2 orc warriors
  A black bear (D:6)
  2 necrophages
  2 phantoms (D:6)
  A bullfrog (D:7)
  A kobold brigand (D:4)
  A scorpion (D:6)
  A howler monkey (D:11)
  2 centaur zombies
  A bullfrog zombie (D:6)
  2 jellies (D:6)
  A hound (D:6)
  6 orc wizards
  4 iguanas
  Robin (D:3)
  2 adders
  A white imp (D:7)
  3 adder skeletons
  3 worms
  2 dart slugs
  13 orcs
  3 endoplasms
  A giant cockroach (D:1)
  16 goblins
  14 hobgoblins
  3 jackals (D:4)
  7 kobolds
  A quokka (D:2)
  7 ball pythons
  4 bats
  2 frilled lizards (D:1)
  3 rats (D:2)
122 creatures vanquished.

Vanquished Creatures (others)
  A two-headed ogre (D:11)
  A deep elf pyromancer (D:11)
  A yak (D:11)
  A centaur (D:11)
  A fungus (D:8)
  4 plants (D:8)
9 creatures vanquished.

Grand Total: 131 creatures vanquished

Notes
Turn   | Place    | Note
-------+----------+-------------------------------------------
     0 | D:1      | babuloseo the Human Hunter began the quest for the Orb.
     0 | D:1      | Reached XP level 1. HP: 16/16 MP: 1/1
     9 | D:2      | Found a stormy altar of Qazlal.
    14 | D:2      | Reached XP level 2. HP: 20/22 MP: 2/2
   211 | D:2      | Identified a scroll of acquirement
   211 | D:2      | Acquired a +0 longbow of flaming
   330 | D:2      | Reached XP level 3. HP: 26/27 MP: 3/3
   583 | D:3      | Found a faded altar of an unknown god.
  1098 | D:3      | Found an opulent altar of Gozag.
  1393 | D:1      | Reached XP level 4. HP: 24/34 MP: 4/4
  2036 | D:2      | Noticed Robin
  2196 | D:3      | Killed Robin
  2362 | D:2      | Reached skill level 5 in Bows
  2722 | D:2      | Found Gisot's Antique Weapon Boutique.
  2739 | D:2      | Reached XP level 5. HP: 40/40 MP: 5/5
  2942 | D:4      | Found a white marble altar of Elyvilon.
  2959 | D:4      | Noticed a necrophage
  2963 | D:4      | Killed a necrophage
  2964 | D:4      | Reached XP level 6. HP: 47/47 MP: 6/6
  2978 | D:4      | Identified the +7 spear of Untimely Demise {antimagic,
                  | rCorr}
  3056 | D:4      | Found a glowing silver altar of Zin.
  3486 | D:4      | Found an ornate altar of the Wu Jian Council.
  3828 | D:5      | Entered Level 5 of the Dungeon
  4250 | D:5      | Found a staircase to the Ecumenical Temple.
  4260 | Temple   | Entered the Ecumenical Temple
  4488 | Temple   | Became a worshipper of Warmaster Okawaru
  4503 | D:5      | Reached XP level 7. HP: 50/53 MP: 7/7
  4614 | D:5      | Found a shadowy altar of Dithmenos.
  4636 | D:5      | Noticed a +0 dagger
  4639 | D:5      | Noticed a +0 hand axe
  4729 | D:6      | Reached skill level 6 in Bows
  4784 | D:6      | Noticed a yak
  4784 | D:6      | Noticed a yak
  4802 | D:6      | Noticed a yak
  4804 | D:6      | Killed a yak
  4804 | D:6      | Reached * piety under Okawaru
  4805 | D:6      | Reached XP level 8. HP: 43/61 MP: 8/8
  4806 | D:6      | Killed a yak
  4807 | D:6      | Reached skill level 5 in Fighting
  4813 | D:6      | Killed a yak
  5238 | D:6      | Reached skill level 7 in Bows
  5272 | D:6      | Reached skill level 1 in Invocations
  5306 | D:6      | Noticed Edmund
  5318 | D:6      | Reached ** piety under Okawaru
  5323 | D:6      | Killed Edmund
  5658 | D:6      | Learned a level 2 spell: Blink
  5791 | D:6      | Reached XP level 9. HP: 66/69 MP: 10/10
  6674 | D:7      | Acquired a +0 pair of boots of stealth
  6715 | D:7      | Reached *** piety under Okawaru
  6716 | D:7      | Reached skill level 5 in Dodging
  7238 | D:8      | You fall into a shaft and drop 3 floors!
  7258 | D:11     | Reached skill level 8 in Bows
  7258 | D:11     | Reached skill level 5 in Stealth
  7275 | D:11     | Killed a two-headed ogre
  7280 | D:11     | Noticed a boulder beetle
  7290 | D:11     | Killed a boulder beetle
  7291 | D:11     | Reached skill level 5 in Invocations
  7291 | D:11     | Reached XP level 10. HP: 63/79 MP: 9/13
  7355 | D:11     | Killed a deep elf pyromancer
  7438 | D:11     | Noticed a green ugly thing
  7452 | D:11     | Gained mutation: Your muscles are strong. (Str +2) [potion
                  | of mutation]
  7452 | D:11     | Slain by a green ugly thing

Illustrated notes

Levels and vault maps discovered:
D:1:      lemuel_arrival_river_bridge, layout_rooms
D:2:      layout_loops_cross, basic_altar, serial_shops, shop,
          minmay_goblin_kobold_house, uniq_crazy_yiuf_cottage, uniq_robin
D:3:      layout_basic, grunt_gozag_breadcrumbs,
          hellmonk_ecumenical_altar_heavens_door
D:4:      layout_loops_ring, zin_treasury, elyvilon_altar_3,
          nzn_wu_jian_contemplation, serial_co_window_serial,
          co_window_corner_a, co_window_corner_a, co_window_of_opportunity_a,
          co_window_corner_a, co_window_paths_a, co_window_corner_b,
          co_window_paths_c, co_window_2corner, co_window_paths_c,
          co_window_of_opportunity_b, co_window_of_opportunity_c,
          co_window_of_opportunity_c, glass_columns_a, glass_columns_c
D:5:      layout_gridville, dancing_weapons_uskayaw, ashenzari_altar_1,
          kennysheep_mini_moat, minmay_temple_entry_statues_fountains,
          serial_shops, nicolae_shop_trees, kennysheep_crisscross,
          minmay_circle_x
D:6:      layout_basic, kennysheep_cross_bottleneck, grunt_ministairs_3,
          uniq_edmund
D:7:      layout_loops_corners
D:8:      layout_basic, nicolae_ru_the_path_less_chosen,
          lemuel_coloured_pillars_altar
D:11:     layout_layer_cave, gammafunk_ghost_nasty_kobolds, xom_confusion_cloud,
          uniq_fannar
Temple:   nicolae_temple_figure_zero

Skill      XL: |  1  2  3  4  5  6  7  8  9 |
---------------+----------------------------+-----
Bows           | 5 6 7 8 |  8.6
Fighting       | 3 4 5 7 |  7.5
Dodging        | 3 4 5 |  5.5
Stealth        | 2 3 4 5 |  5.5
Invocations    | 2 5 |  5.3

Action                   |  1- 3 |  4- 6 |  7- 9 | 10-12 || total
-------------------------+-------+-------+-------+-------++-------
Melee: Short sword       |    11 |    25 |       |       ||    36
       Dagger            |       |    25 |       |       ||    25
 Fire: Shortbow          |    28 |       |       |       ||    28
       Longbow           |    33 |    93 |   162 |    24 ||   312
Invok: Heroism           |       |       |     4 |       ||     4
  Use: Scroll            |     1 |     1 |    10 |       ||    12
       Potion            |       |       |       |     2 ||     2
Armor: Leather armour    |     8 |       |       |       ||     8
       Scale mail        |     3 |    67 |    33 |    11 ||   114
Dodge: Dodged            |    23 |    78 |    43 |    13 ||   157
